 Dungeon Crawl Stone Soup version 0.20-a0-277-g7db01f4 (webtiles) character file.

1050 Ijustatesigmund the Cleaver (level 8, -3/71 HPs)
             Began as a Hill Orc Monk on Dec 12, 2016.
             Was a Believer of Beogh.
             Slain by an orc warrior
             ... wielding a +0 scimitar
              (14 damage)
             ... on level 7 of the Dungeon.
             The game lasted 00:13:08 (6021 turns).

Ijustatesigmund the Cleaver (Hill Orc Monk)         Turns: 6021, Time: 00:13:08

Health: -3/71      AC: 11    Str: 15    XL:     8   Next: 26%
Magic:  11/11      EV: 14    Int: 10    God:    Beogh [**....]
Gold:   232        SH:  0    Dex: 14    Spells: 7/7 levels left

rFire  . . .     SeeInvis .     a - +1 hand axe
rCold  . . .     Gourm    .     w - +3 ring mail
rNeg   . . .     Faith    .     (no shield)
rPois  .         Spirit   .     (no helmet)
rElec  .         Reflect  .     (no cloak)
rCorr  +         Harm     .     j - +0 pair of gloves
MR     .....                    q - +0 pair of boots (curse)
Stlth  +.........               (no amulet)
                                l - +3 ring of evasion
                                g - ring of resist corrosion

@: hasted, very quick
A: no striking features
a: Smiting, Renounce Religion


You were on level 7 of the Dungeon.
You worshipped Beogh.
Beogh was pleased with you.
You were not hungry.

You visited 1 branch of the dungeon, and saw 7 of its levels.

You collected 232 gold pieces.

Inventory:

Hand Weapons
 a - a +1 hand axe (weapon)
 r - a +1 flail of protection
Missiles
 i - 10 tomahawks (quivered)
 x - 4 javelins
Armour
 j - a +0 pair of gloves (worn)
 q - a cursed +0 pair of boots (worn)
 w - a +3 ring mail (worn)
Jewellery
 g - a ring of resist corrosion (left hand)
 l - a +3 ring of evasion (right hand)
Scrolls
 k - 2 scrolls of fear
 n - 2 scrolls of magic mapping
 p - 3 scrolls of remove curse
 s - a scroll of fog
Potions
 b - a potion of brilliance
 e - 3 potions of flight
 f - a potion of curing
 h - 2 potions of mutation {unknown}
 t - 2 potions of cancellation {unknown}
 u - a potion of might {unknown}
 v - a potion of cure mutation {unknown}
Comestibles
 c - 2 bread rations
 m - a fruit
 o - 5 meat rations
 z - 2 chunks of flesh


   Skills:
 + Level 6.6 Fighting
 + Level 8.6 Axes
 + Level 4.3 Armour
 - Level 2.4 Dodging
 - Level 1.5 Stealth
 + Level 4.8 Invocations


You had 7 spell levels left.
You didn't know any spells.

Dungeon Overview and Level Annotations

Branches:
Dungeon (7/15)             Temple (0/1) D:5

Altars:
Ashenzari
Makhleb

Annotations:
D:5 Grinder


Message History

The orc warrior hits you with a scimitar!
You hit the orc.
You kill the orc!
Beogh accepts your kill.
You hit the orc warrior but do no damage.
You hit the orc warrior.
The orc warrior is heavily wounded.
You hit the orc. The orc closely misses you.
The orc warrior hits you with a scimitar!!
* * * LOW HITPOINT WARNING * * *
You are too injured to fight recklessly!
You are too injured to fight recklessly!
You are too injured to fight recklessly!
You are too injured to fight recklessly!
You are too injured to fight recklessly!
You are too injured to fight recklessly!
You feel yourself speed up. The orc barely misses you.
The orc warrior hits you with a scimitar!
You die...
Beogh appreciates the orc warrior's killing of a heretic priest.

#.###..#####.##
#..# .# #..# .#
#..## .# #...#
#.# #...# ..
#.<.# o#
#...###o##.##.
#.....@o......
#.....###.##.###
........# ..#
......... #...
##....$.# .###
##...#.# ..
#####.# ## #.


You could see an orc warrior and 2 orcs.

Vanquished Creatures
  2 phantoms
  An ice beast (D:4)
  A centaur (D:6)
  3 killer bees (D:6)
  A crimson imp (D:6)
  A hound (D:6)
  2 orc priests
  2 centaur skeletons
  2 iguanas
  An orc wizard (D:5)
  4 worker ants
  A hound zombie (D:6)
  A hound skeleton (D:4)
  A worker ant zombie (D:6)
  10 adders
  A worm (D:2)
  A dart slug (D:3)
  2 leopard geckos
  12 orcs
  9 bats
  4 giant cockroaches
  7 goblins
  8 hobgoblins
  3 jackals (D:2)
  7 kobolds
  2 quokkas
  2 frilled lizards (D:3)
  A jackal zombie (D:5)
  9 rats
101 creatures vanquished.

Notes
Turn   | Place    | Note
-------+----------+-------------------------------------------
     0 | D:1      | Ijustatesigmund the Hill Orc Monk began the quest for the Orb.
     0 | D:1      | Reached XP level 1. HP: 19/19 MP: 1/1
   237 | D:1      | Reached XP level 2. HP: 24/27 MP: 2/2
   534 | D:1      | Reached skill level 5 in Axes
   809 | D:2      | Reached XP level 3. HP: 27/33 MP: 3/3
  1182 | D:2      | Reached XP level 4. HP: 30/40 MP: 4/4
  1244 | D:2      | Reached skill level 6 in Axes
  1798 | D:3      | Found a shattered altar of Ashenzari.
  1816 | D:3      | Reached XP level 5. HP: 37/47 MP: 5/5
  2145 | D:3      | Found a burning altar of Makhleb.
  2672 | D:3      | Reached skill level 1 in Armour
  3016 | D:3      | Became a worshipper of Beogh the Brigand
  3016 | D:3      | Reached * piety under Beogh
  3016 | D:3      | Reached ** piety under Beogh
  3097 | D:4      | Reached skill level 7 in Axes
  3107 | D:4      | Noticed a phantom
  3189 | D:4      | Killed a phantom
  3189 | D:4      | Reached skill level 5 in Fighting
  3189 | D:4      | Reached skill level 1 in Invocations
  3189 | D:4      | Reached XP level 6. HP: 26/56 MP: 5/7
  3367 | D:4      | Noticed an ice beast
  3385 | D:4      | Killed an ice beast
  4063 | D:5      | Entered Level 5 of the Dungeon
  4077 | D:5      | Found a staircase to the Ecumenical Temple.
  4113 | D:5      | Reached XP level 7. HP: 26/61 MP: 8/8
  4386 | D:5      | Noticed Grinder
  4386 | D:5      | Paralysed by Grinder for 3 turns
  4781 | D:6      | Reached skill level 8 in Axes
  5075 | D:6      | Reached XP level 8. HP: 44/71 MP: 11/11
  6021 | D:7      | Slain by an orc warrior

Vault maps used:
D:1:      eino_arrival_cavern_d
D:2:      serial_corexii_hall, corexii_hall_statues_s, corexii_hall_statues_t,
          corexii_hall_statues_u, corexii_hall_statues_u,
          corexii_hall_statues_l, corexii_hall_statues_u
D:3:      nicolae_overflow_crystal_walls, first_bread, serial_curves,
          eino_curves_01, eino_curves_03, bloody_makhleb
D:5:      grunt_qazlal_clouds, hangedman_decor_peaks_small, uniq_grinder
D:6:      st_stairs_9
D:7:      grunt_temple_overflow_champion_of_chaos

Skill      XL: |  1  2  3  4  5  6  7  8 |
---------------+-------------------------+-----
Axes           | 5 6 7 8 |  8.6
Fighting       | 4 5 6 |  6.6
Armour         | 2 3 4 |  4.3
Invocations    | 1 2 4 |  4.8
Dodging        | |  2.4
Stealth        | |  1.5

Action                   |  1- 3 |  4- 6 |  7- 9 || total
-------------------------+-------+-------+-------++-------
Melee: Hand axe          |   122 |   256 |   217 ||   595
Throw: Tomahawk          |       |     3 |       ||     3
Invok: Convert to Beogh  |       |     1 |       ||     1
       Smiting           |       |       |     1 ||     1
  Use: Scroll            |     4 |     4 |     5 ||    13
       Potion            |       |     2 |     2 ||     4
 Stab: Sleeping          |       |     1 |       ||     1
  Eat: Chunk             |     1 |     6 |     4 ||    11
       Fruit             |       |     1 |     2 ||     3
       Beef jerky        |       |     1 |       ||     1
       Royal jelly       |       |       |     1 ||     1
Armor: Robe              |    25 |       |       ||    25
       Ring mail         |    24 |    33 |    51 ||   108
       Chain mail        |       |    56 |       ||    56
Dodge: Dodged            |   114 |   131 |   138 ||   383
